Map: Oxide LE

Players

BlyOnFire (Bly)

  • Race: Zerg Zerg
  • Spawn Location: 7:00

Geralt (Gerald) - Winner!

  • Race: Protoss Protoss
  • League: Grandmaster
  • Spawn Location: 1:00

Event: DreamHack SC2 Masters 2020 Winter

VOD

Have the link to the VOD?

Description

Time

  • Played on: Oct. 27, 2020, 1:01 p.m.
  • Length: 16:18

All games in this series

Show
View Real Time Build Order
Export as new Build Order

BlyOnFire Zerg 

Build Orders: 3 Hatch before Pool, Swarm Host 

Get SALT Encoding   

  12  0:00  Drone  
  13  0:09  Drone  
  14  0:20  Drone, Extractor  
  14  0:22  Extractor  
  14  0:23  Drone  
  16  0:43  Hatchery  
  15  1:06  Hatchery  
  14  1:12  Drone, Extractor  
  14  1:13  Extractor  
  14  1:15  Drone  
  16  1:28  Spawning Pool  
  15  1:33  Extractor  
  15  1:35  Drone, Extractor  
  15  1:40  Overlord  
  15  1:56  Drone x3  
  15  1:57  Drone  
  19  2:16  Queen  
  19  2:17  Queen  
  19  2:22  Zergling x2  
  24  2:25  Drone  
  24  2:27  Zergling x2  
  24  2:29  Zergling x2  
  27  2:33  Zergling x2  
  28  2:38  Zergling x2  
  28  2:41  Overlord  
  29  2:50  Metabolic Boost  
  28  3:08  Drone x5  
  33  3:16  Overlord  
  33  3:17  Queen  
  35  3:26  Zergling x4  
  36  3:31  Overlord  
  33  3:48  Zergling x4  
  33  3:49  Zergling x4  
  33  3:50  Drone x3  
  39  4:09  Zergling x4  
  39  4:14  Zergling x2  
  39  4:15  Zergling x6  
  40  4:20  Spore Crawler  
  38  4:33  Drone x7  
  38  4:37  Extractor  
  42  4:38  Overlord  
  42  4:45  Spore Crawler  
  41  4:48  Queen  
  41  4:49  Overlord  
  39  5:02  Drone x6  
  44  5:07  Lair  
  44  5:10  Drone  
  45  5:15  Drone x2  
  47  5:22  Drone x3  
  50  5:42  Drone  
  51  5:43  Overlord x2  
  51  5:49  Extractor  
  48  5:50  Extractor x2  
  46  5:57  Drone  
  46  5:58  Drone x2  
  46  5:59  Drone x3  
  46  6:03  Hatchery  
  50  6:09  Infestation Pit  
  48  6:12  Drone x3  
  50  6:20  Overseer  
  50  6:22  Roach Warren  
  50  6:25  Hatchery  
  49  6:33  Drone x2  
  49  6:34  Drone x2  
  49  6:35  Drone x2  
  49  6:38  Zergling x6  
  53  6:49  Drone x4  
  53  6:52  Drone  
  53  7:00  Spore Crawler  
  50  7:03  Drone x5  
  55  7:12  Glial Reconstitution  
  55  7:13  Drone x4  
  59  7:23  Hatchery  
  57  7:36  Roach x5, Overlord  
  65  7:45  Roach  
  65  7:48  Overlord x4  
  67  7:53  Nydus Network  
  67  7:57  Overlord  
  66  8:00  Overlord  
  66  8:08  Zergling x2  
  66  8:09  Zergling x2  
  68  8:13  Swarm Host x4  
  68  8:17  Ravager x4  
  84  8:20  Overseer  
  84  8:23  Roach  
  84  8:24  Roach x2  
  90  8:36  Swarm Host  
  90  8:37  Swarm Host x3  
  101  8:44  Nydus Canal  
  101  8:48  Drone x6  
  107  8:59  Nydus Canal  
  107  9:04  Roach x4  
  107  9:08  Spore Crawler  
  114  9:12  Overlord  
  114  9:14  Drone, Overlord  
  114  9:15  Overlord  
  113  9:22  Roach x4  
  117  9:30  Roach x3  
  110  9:39  Swarm Host x2  
  110  9:44  Roach  
  117  9:59  Nydus Canal  
  113  10:07  Roach x8  
  113  10:13  Roach  
  113  10:14  Roach x2  
  114  10:29  Hatchery  
  114  10:31  Ravager x4  
  117  10:47  Roach x6  
  129  11:07  Nydus Canal  
  129  11:09  Roach x6, Overlord  
  131  11:19  Overlord  
  131  11:22  Nydus Canal  
  131  11:25  Roach x2  
  129  11:41  Ravager x3  
  129  11:42  Ravager x2  
  134  11:48  Nydus Canal  
  134  11:51  Spore Crawler  
  133  11:55  Overlord  
  133  12:00  Drone x11  
  144  12:03  Extractor  
  144  12:04  Extractor  
  140  12:12  Roach  
  140  12:13  Roach x3  
  144  12:16  Spore Crawler  
  144  12:18  Ravager x2  
  145  12:25  Evolution Chamber  
  145  12:26  Swarm Host x2  
  148  12:46  Nydus Canal  
  148  12:48  Zergling x18  
  148  12:49  Zergling x4  
  159  12:54  Zerg Missile Weapons Level 1  
  151  13:33  Spire, Zergling x26  
  158  13:37  Hatchery  
  155  13:46  Roach x5  
  149  14:01  Ravager  
  149  14:02  Ravager x9  
  159  14:09  Roach  
  161  14:10  Roach, Overlord  
  161  14:11  Overlord  
  154  14:22  Nydus Canal  
  154  14:27  Roach x4  
  161  14:37  Nydus Canal  
  140  14:52  Mutalisk x7  
  123  14:57  Mutalisk  
  133  15:04  Nydus Canal  
  130  15:23  Mutalisk x2  
  103  15:41  Mutalisk x2  
  101  15:59  Hatchery  
Show
View Real Time Build Order
Export as new Build Order

Geralt Protoss - Winner!

Build Orders: Oracle Opening 

Get SALT Encoding   

  12  0:00  Probe  
  13  0:12  Probe  
  14  0:19  Pylon  
  14  0:24  Probe  
  15  0:30  Assimilator  
  15  0:37  Probe (Chrono Boost)  
  16  0:47  Gateway, Probe (Chrono Boost)  
  17  0:52  Probe (Chrono Boost)  
  18  1:03  Probe  
  19  1:10  Gateway  
  19  1:15  Probe  
  19  1:17  Pylon  
  20  1:27  Probe  
  21  1:33  Cybernetics Core  
  21  1:34  Zealot (Chrono Boost)  
  24  1:40  Probe  
  24  1:44  Assimilator  
  24  1:52  Probe  
  25  1:55  Zealot (Chrono Boost)  
  27  2:04  Probe  
  27  2:06  Pylon  
  30  2:16  Adept (Chrono Boost)  
  30  2:24  Adept (Chrono Boost)  
  30  2:26  Stargate  
  32  2:32  Probe  
  33  3:03  Void Ray (Chrono Boost)  
  33  3:04  Adept  
  39  3:19  Pylon  
  39  3:25  Warp Gate  
  39  3:37  Probe  
  39  3:49  Probe  
  39  3:51  Oracle  
  43  3:57  Nexus  
  43  4:01  Probe  
  44  4:13  Probe  
  41  4:25  Probe  
  41  4:30  Oracle (Chrono Boost)  
  42  4:37  Probe  
  42  4:46  Shield Battery  
  42  4:49  Probe  
  43  4:55  Gateway  
  43  5:01  Probe  
  41  5:09  Probe  
  41  5:12  Robotics Facility  
  41  5:14  Probe  
  43  5:16  Adept  
  43  5:17  Adept  
  43  5:21  Probe  
  48  5:26  Probe  
  48  5:28  Forge, Twilight Council  
  49  5:31  Assimilator  
  49  5:33  Assimilator, Probe  
  50  5:38  Probe  
  51  5:45  Probe  
  51  5:48  Adept  
  54  5:50  Probe  
  54  5:51  Adept  
  54  5:52  Pylon  
  54  5:56  Gateway x2  
  57  5:57  Probe  
  57  6:02  Probe  
  59  6:09  Probe  
  60  6:14  Probe  
  61  6:22  Nexus  
  61  6:24  Pylon  
  61  6:28  Protoss Ground Weapons Level 1  
  61  6:37  Phoenix (Chrono Boost), Probe  
  64  6:41  Templar Archives  
  64  6:44  Immortal  
  68  6:51  Charge (Chrono Boost)  
  62  6:55  Probe  
  63  7:04  Gateway x2  
  63  7:07  Zealot  
  63  7:08  Zealot x2  
  67  7:12  Zealot  
  69  7:24  Probe  
  69  7:31  Probe  
  70  7:37  Warp Prism (Chrono Boost), Zealot x4  
  70  7:44  Probe  
  79  7:45  Probe  
  79  7:49  Probe  
  81  7:56  Probe  
  81  7:57  Probe  
  81  7:58  Zealot  
  85  8:01  Probe  
  85  8:05  High Templar x3  
  92  8:08  Pylon  
  92  8:09  Pylon  
  92  8:14  Archon  
  92  8:19  Shield Battery  
  92  8:25  Gateway x2  
  92  8:28  High Templar x3  
  92  8:29  Probe  
  92  8:32  Archon x2  
  99  8:40  High Templar x2, Zealot  
  109  8:41  Immortal  
  109  8:44  Archon  
  105  9:20  Zealot, Observer  
  105  9:21  Zealot  
  104  9:25  Zealot x2  
  104  9:29  Pylon  
  104  9:30  Protoss Ground Weapons Level 2 (Chrono Boost)  
  104  9:31  Pylon, Probe  
  109  9:35  Blink (Chrono Boost)  
  109  9:37  Zealot  
  109  9:38  Zealot x3  
  107  9:39  Probe  
  108  9:47  Immortal  
  108  9:49  Pylon  
  108  9:51  Pylon  
  106  10:07  Zealot x8  
  106  10:09  Probe  
  106  10:11  Assimilator x2  
  117  10:15  Void Ray (Chrono Boost)  
  115  10:26  Immortal  
  123  10:34  Zealot  
  123  10:35  Zealot x7  
  139  10:49  Probe  
  140  10:51  Probe  
  141  10:59  Pylon  
  141  11:01  Pylon  
  141  11:16  Stalker  
  141  11:17  Stalker x3  
  145  11:27  Stalker  
  145  11:28  Stalker x3  
  145  11:29  Probe x2  
  155  11:42  Nexus  
  155  11:43  Probe x2  
  155  11:46  Pylon  
  157  11:48  Pylon  
  157  12:01  High Templar  
  156  12:07  Psionic Storm, Pylon  
  154  12:09  Pylon  
  154  12:11  Protoss Ground Weapons Level 3 (Chrono Boost)  
  154  12:15  Pylon  
  150  12:17  Probe  
  150  12:19  Stalker x5  
  161  12:27  Pylon  
  161  12:30  Immortal  
  165  12:37  High Templar  
  165  12:38  Probe  
  165  12:42  Probe  
  165  12:43  Probe  
  166  12:44  Zealot  
  166  12:45  Zealot  
  166  12:50  High Templar x3, Probe  
  177  12:54  Probe  
  177  12:55  Probe  
  179  13:12  Stalker x3  
  182  13:23  Zealot  
  182  13:24  Zealot x2  
  169  13:36  Stalker  
  169  13:37  Zealot x2  
  169  13:38  Probe  
  176  13:46  Probe  
  167  13:55  Zealot x3  
  163  13:59  Probe x3  
  168  14:10  Immortal  
  168  14:13  Pylon  
  166  14:17  Stalker x3  
  166  14:18  Stalker x3  
  144  14:48  Zealot x5  
  144  14:49  Zealot  
  144  14:53  Immortal  
  127  15:15  Zealot  
  127  15:16  Zealot x5  
  127  15:30  Probe x2  
  127  15:31  Probe  
  127  15:32  Probe, Immortal (Chrono Boost)  
  135  15:38  High Templar x6  
  135  15:42  Probe x2  
  144  15:44  Probe  
  144  15:46  Probe  
  144  15:47  Archon x3  
  145  15:54  Probe  
  145  15:55  Probe  
  143  16:00  Probe x2  
Tags
 
Add a new tag
Caveats
  • Supply blocks, unpowered buildings, or Contaminate may cause inaccurate times.
  • Supply counts are checked every 10 seconds.